 Dungeon Crawl Stone Soup version 0.19-a0-1013-g40768a3 (webtiles) character file.

126 HAL9000 the Cudgeler (level 5, -1/57 HPs)
             Began as an Ogre Berserker on July 24, 2016.
             Was a Priest of Trog.
             Slain by an iron imp (8 damage)
             ... summoned by Natasha
             ... on level 3 of the Dungeon.
             The game lasted 00:03:14 (2532 turns).

HAL9000 the Cudgeler (Ogre Berserker)               Turns: 2532, Time: 00:03:14

Health: -1/57      AC:  4    Str: 22    XL:     5   Next: 9%
Magic:  5/5        EV: 10    Int:  6    God:    Trog [***...]
Gold:   199        SH:  0    Dex: 10    Spells: 0 memorised, 4 levels left

rFire  . . .     SeeInvis .     a - +0 mace
rCold  . . .     Gourm    .     b - +0 animal skin
rNeg   . . .     Faith    .     (no shield)
rPois  .         Spirit   .     (helmet restricted)
rElec  .         Dismiss  .     w - +0 cloak
rCorr  .         Reflect  .     (gloves unavailable)
SustAt .         Harm     .     (boots unavailable)
MR     .....                    (no amulet)
Stlth  +.........               (no ring)
                                o - ring of flight

@: not resistant to hostile enchantments, very unstealthy
A: unfitting armour, tough skin 1
a: Berserk, Trog's Hand, Burn Spellbooks, Renounce Religion, Evoke Flight


You were on level 3 of the Dungeon.
You worshipped Trog.
Trog was most pleased with you.
You were very hungry.

You visited 1 branch of the dungeon, and saw 3 of its levels.

You collected 199 gold pieces.

Inventory:

Hand Weapons
 a - a +0 mace (weapon)
Missiles
 i - 10 tomahawks (quivered)
 r - 3 javelins
Armour
 b - a +0 animal skin (worn)
 w - a +0 cloak (worn)
Jewellery
 o - a ring of flight (left hand)
Scrolls
 e - a scroll of fear {unknown}
 f - 6 scrolls of identify {unknown}
 h - 3 scrolls of immolation {unknown}
 k - a scroll of enchant armour {unknown}
 l - a scroll of amnesia {unknown}
 m - a scroll of noise {unknown}
 s - a scroll of magic mapping {unknown}
 x - a scroll of enchant weapon {unknown}
Potions
 d - 2 potions of haste {unknown}
 j - 3 potions of curing
 n - a potion of heal wounds {unknown}
 p - a potion of agility {unknown}
 u - a potion of magic {unknown}
 v - a potion of berserk rage {unknown}
Comestibles
 c - 4 bread rations
 g - 2 meat rations
 t - 4 fruits


   Skills:
 + Level 5.2 Fighting
 * Level 6.6 Maces & Flails
 - Level 2.6 Dodging


You had 4 spell levels left.
You didn't know any spells.

Dungeon Overview and Level Annotations

Branches:
Dungeon (3/15)

Altars:

Annotations:
D:3 Natasha


Innate Abilities, Weirdness & Mutations

You are too large for most types of armour.
You have tough skin. (AC +1)


Message History

Natasha is moderately wounded.
Natasha claws you.
You barely miss Natasha.
Natasha is moderately wounded.
Natasha claws you!
Unknown command.
You sock Natasha!
Natasha is severely wounded.
The iron imp hits you. Natasha claws you.
You closely miss Natasha.
Natasha is severely wounded.
The iron imp hits you!
* * * LOW HITPOINT WARNING * * *
Natasha claws you!
* * * LOW HITPOINT WARNING * * *
Unknown command.
It was a potion of curing.
You feel better. Natasha claws you!
* * * LOW HITPOINT WARNING * * *
The iron imp hits you!
You die...

......# ...##.. .... .###
### ... ## .... ..# .###
...... ##..# ...#
......##...# ##.#
...........# ##.# .....
#.h5.# ##.## #..##.@.#
#..# #####....$.####
###.## #.............# .
..#..###.###......##..#..
#..#...#.##.#...#..##....
.#.......................
####.....###......#.(..
###.†....#.......###.
#.#......#.........#


You could see an iron imp and Natasha.

Vanquished Creatures
  Natasha (D:3)
  An adder (D:3)
  An ooze (D:2)
  2 worms
  2 giant geckos
  7 orcs
  2 giant cockroaches
  9 goblins
  10 hobgoblins
  4 jackals (D:1)
  A quokka (D:3)
  2 ball pythons (D:2)
  7 bats
  A giant gecko skeleton (D:3)
  6 giant newts
  7 kobolds
  5 rats
68 creatures vanquished.

Notes
Turn   | Place    | Note
-------+----------+-------------------------------------------
     0 | D:1      | HAL9000 the Ogre Berserker began the quest for the Orb.
     0 | D:1      | Reached XP level 1. HP: 24/24 MP: 1/1
    43 | D:1      | Reached XP level 2. HP: 14/32 MP: 2/2
   718 | D:1      | Reached skill level 5 in Maces & Flails
   756 | D:1      | Reached ** piety under Trog
   905 | D:2      | Reached XP level 3. HP: 39/40 MP: 3/3
  1863 | D:2      | Reached XP level 4. HP: 39/49 MP: 4/4
  2268 | D:3      | Reached *** piety under Trog
  2283 | D:3      | Reached skill level 6 in Maces & Flails
  2354 | D:3      | Reached skill level 5 in Fighting
  2388 | D:3      | Noticed Natasha
  2403 | D:3      | Killed Natasha
  2406 | D:3      | Reached XP level 5. HP: 34/57 MP: 5/5
  2520 | D:3      | Noticed Natasha
  2532 | D:3      | Slain by an iron imp

Vault maps used:
D:1:      dpeg_arrival_long_road
D:2:      guppyfry_early_orc_mine
D:3:      minmay_diamond_boxcup, marbit_many_paths, minmay_stone_trees_medium,
          lemuel_another_geyser, uniq_natasha

Skill      XL: |  1  2  3  4 |
---------------+-------------+-----
Maces & Flails | 5 6 |  6.6
Fighting       | 5 |  5.2
Dodging        | |  2.6

Action                   |  1- 3 |  4- 6 || total
-------------------------+-------+-------++-------
Melee: Mace              |   124 |    81 ||   205
Throw: Tomahawk          |     4 |       ||     4
Invok: Berserk           |       |     2 ||     2
  Use: Potion            |       |     1 ||     1
 Stab: Sleeping          |     1 |       ||     1
  Eat: Chunk             |     3 |     3 ||     6
Armor: Animal skin       |    42 |    21 ||    63
Dodge: Dodged            |    65 |    50 ||   115
